 Dungeon Crawl Stone Soup version 0.17.0-28-g6e173f8 (webtiles) character file.

88 Ijustatesigmund the Sneak (level 4, -4/23 HPs)
             Began as a Vine Stalker Assassin on Nov 26, 2015.
             Killed by nerve-wracking pain
             ... invoked by Menkaure
              (8 damage)
             ... on level 4 of the Dungeon.
             The game lasted 00:06:37 (2462 turns).

Ijustatesigmund the Sneak (Vine Stalker Assassin)   Turns: 2462, Time: 00:06:37

Health: -4/23      AC:  7    Str: 13    XL:     4   Next: 53%
Magic:  0/5        EV: 10    Int: 12    God:
Gold:   195        SH:  0    Dex: 16    Spells: 0 memorised, 3 levels left

rFire  . . .     SeeInvis .     a - +2 dagger
rCold  . . .     Clarity  .     s - +0 ring mail (curse)
rNeg   . . .     SustAt   .     (no shield)
rPois  +         Gourm    .     (no helmet)
rElec  .         Spirit   +     d - +1 cloak
rCorr  .         Warding  .     (no gloves)
rMut   .         Stasis   .     (no boots)
MR     .....                    (no amulet)
Stlth  +.........               q - ring of poison resistance
                                p - ring of loudness (curse)

@: not resistant to hostile enchantments, very unstealthy
A: fangs 2, regeneration 1, magic shield, antimagic bite, no device heal 3, rot
immunity
a: no special abilities


You were on level 4 of the Dungeon.
You were not hungry.

You visited 1 branch of the dungeon, and saw 4 of its levels.

You collected 195 gold pieces.

Inventory:

Hand Weapons
 a - a +2 dagger (weapon)
 b - a +0 blowgun
Missiles
 e - 18 poisoned needles
 f - 2 curare-tipped needles
Armour
 c - a +0 robe
 d - a +1 cloak (worn)
 m - a +0 buckler
 s - a cursed +0 ring mail (worn)
Jewellery
 n - an uncursed ring of positive energy
 p - a cursed ring of loudness (left hand)
 q - a ring of poison resistance (right hand)
Scrolls
 i - 2 scrolls of noise
 k - a scroll of magic mapping
 r - a scroll of amnesia
Potions
 h - 2 potions of lignification
 l - a potion of agility {unknown}
 o - a potion of beneficial mutation {unknown}
 u - a potion of poison {unknown}
Comestibles
 g - 3 bread rations
 j - a meat ration


   Skills:
 - Level 1.7 Fighting
 + Level 3.0 Short Blades
 + Level 2.6 Throwing
 - Level 0.7 Dodging
 + Level 5.5 Stealth


You had 3 spell levels left.
You didn't know any spells.

Dungeon Overview and Level Annotations

Branches:
Dungeon (4/15)
 Temple: D:4-7

Altars:

Annotations:
D:3 Robin
D:4 Menkaure


Innate Abilities, Weirdness & Mutations

You have extremely sharp teeth.
Your natural rate of healing is unusually fast.
When hurt, damage is shared between your health and your magic reserves.
Your bite disrupts and absorbs the magic of your enemies.
Potions and wands cannot restore your health.
You are immune to rotting.


Message History

Menkaure hits you.
* * * LOW HITPOINT WARNING * * *
Menkaure points at you and mumbles some strange words.
Pain shoots through your body!
* * * LOW HITPOINT WARNING * * *
Menkaure calls on the powers of darkness!
Your body is wracked with pain!
* * * LOW HITPOINT WARNING * * *
Menkaure calls on the powers of darkness!
Your body is wracked with pain!
* * * LOW HITPOINT WARNING * * *
You see here a club.
There is a stone staircase leading up here.
Read which item? (? for menu, Esc to quit)
As you read the scroll of fog, it crumbles to dust.
The scroll dissolves into smoke.
You see here a club.
Menkaure gestures at you while chanting.
Pain shoots through your body!
You die...

..# ..# ###+ ...
#... #.# #...###
#.# ......# #.#
......# #§# ......
#@# .....##
######§# ...§§§#
#.§§§M§#
...§§######§######
#..§§§§§§...#
##.########## ##


You could see Menkaure.

Vanquished Creatures
  2 adders (D:2)
  An ooze (D:2)
  A worm (D:2)
  3 giant geckos
  A ball python (D:1)
  5 bats
  2 giant cockroaches
  18 goblins
  9 hobgoblins
  3 kobolds
  2 quokkas (D:3)
  2 giant newts (D:1)
  6 rats
55 creatures vanquished.

Notes
Turn   | Place    | Note
--------------------------------------------------------------
     0 | D:1      | Ijustatesigmund the Vine Stalker Assassin began the quest for the Orb.
     0 | D:1      | Reached XP level 1. HP: 11/11 MP: 2/2
   137 | D:1      | Reached XP level 2. HP: 15/15 MP: 3/3
   222 | D:1      | Reached skill level 5 in Stealth
   964 | D:2      | Reached XP level 3. HP: 18/18 MP: 4/4
  1648 | D:2      | Reached XP level 4. HP: 16/23 MP: 3/5
  2150 | D:3      | Noticed Robin
  2443 | D:4      | Noticed Menkaure
  2462 | D:4      | Killed from afar by Menkaure

Action                   |  1- 3 |  4- 6 || total
-------------------------+-------+-------++-------
Melee: Dagger            |   110 |    77 ||   187
 Fire: Blowgun           |     5 |       ||     5
  Use: Scroll            |     7 |     5 ||    12
 Stab: Sleeping          |     7 |       ||     7
  Eat: Chunk             |     2 |     3 ||     5
